 Dungeon Crawl Stone Soup version 0.28-a0-1235-g7c8fac35f0 (webtiles) character file.

Game seed: 1186140876332483339

587 Gargoyl the Skirmisher (level 7, -1/60 HPs)
             Began as a Gnoll Abyssal Knight on Dec 25, 2021.
             Was a Believer of Lugonu.
             Succumbed to a killer bee's poison
             ... on level 5 of the Dungeon.
             The game lasted 00:06:01 (4944 turns).

Gargoyl the Skirmisher (Gnoll Abyssal Knight)       Turns: 4944, Time: 00:06:01

Health: -1/60      AC: 14    Str: 15    XL:     7   Next: 38%
Magic:  10/11      EV:  5    Int:  9    God:    Lugonu [**....]
Gold:   123        SH:  5    Dex: 12    Spells: 10/10 levels left

rFire   . . .      SeeInvis .   a - +1 hand axe (flame)
rCold   + . .      Faith    .   (no shield)
rNeg    . . .      Spirit   .   c - +1 plate armour
rPois   .          Reflect  +   l - +0 helmet
rElec   .          Harm     .   (no cloak)
rCorr   .          Rampage  .   (no gloves)
Will    +....                   (no boots)
Stlth   ..........              h - amulet of reflection
HPRegen 0.20/turn               (no ring)
MPRegen 0.12/turn               (no ring)

@: lethally poisoned (-1 -> -9), on berserk cooldown, slowed, very slow
A: fangs 1, strong nose, distributed training, hooves 1, cold resistance 1,
strong-willed 1, evolution 1
a: Renounce Religion, Depart the Abyss, Bend Space


You were on level 5 of the Dungeon.
You worshipped Lugonu.
Lugonu was pleased with you.
You visited 1 branch of the dungeon, and saw 5 of its levels.
You visited the Abyss 1 time.

You collected 123 gold pieces.

Inventory:

Hand Weapons
 a - a +1 hand axe of flaming (weapon)
Armour
 c - a +1 plate armour (worn)
 l - a +0 helmet (worn)
Jewellery
 h - an amulet of reflection (around neck)
Scrolls
 f - 3 scrolls of identify
 g - a scroll of holy word
 j - a scroll of teleportation
 n - a scroll of brand weapon
 p - a scroll of enchant armour
Potions
 b - a potion of resistance
 e - a potion of flight
 i - a potion of heal wounds {unknown}
 k - 2 potions of curing {unknown}
 m - a potion of attraction {unknown}
 o - a potion of might {unknown}


   Skills:
 + Level 7.0 Fighting
 + Level 2.4 Short Blades
 + Level 2.4 Long Blades
 + Level 5.2 Axes
 + Level 2.4 Maces & Flails
 + Level 2.4 Polearms
 + Level 2.4 Staves
 + Level 2.4 Slings
 + Level 2.4 Bows
 + Level 2.4 Crossbows
 + Level 2.4 Throwing
 + Level 5.2 Armour
 + Level 3.6 Dodging
 + Level 2.4 Stealth
 + Level 2.4 Shields
 + Level 2.4 Unarmed Combat
 + Level 2.4 Spellcasting
 + Level 2.0 Conjurations
 + Level 2.0 Hexes
 + Level 2.0 Summonings
 + Level 2.0 Necromancy
 + Level 2.0 Translocations
 + Level 2.0 Transmutations
 + Level 2.0 Fire Magic
 + Level 2.0 Ice Magic
 + Level 2.0 Air Magic
 + Level 2.0 Earth Magic
 + Level 2.0 Poison Magic
 + Level 5.3 Invocations
 + Level 2.4 Evocations


You had 10 spell levels left.
You didn't know any spells.
Your spell library was empty.

Dungeon Overview and Level Annotations

Branches:
Dungeon (5/15)             Temple (0/1) D:4

Altars:
Nemelex Xobeh


Innate Abilities, Weirdness & Mutations

You have very sharp teeth.
Your uncanny sense of smell can sniff out nearby items.
Your experience applies equally to all skills.
You have large cloven feet.
Your flesh is cold resistant. (rC+)
You are strong-willed. (Will+)
You have hidden genetic potential.


Message History

You are lethally poisoned!
The killer bee poisons you! The killer bee stings you.
* * * LOW HITPOINT WARNING * * *
Unknown command.
You miss the killer bee. Your bite misses the killer bee.
The killer bee is severely wounded.
* * * LOW HITPOINT WARNING * * *
You feel very sick. The killer bee barely misses you.
You barely miss the killer bee.
The killer bee is severely wounded.
* * * LOW HITPOINT WARNING * * *
You feel sick.
The killer bee stings you but does no damage.
Unknown command.
You miss the killer bee. You kick the killer bee.
You kill the killer bee!
Lugonu accepts your kill.
* * * LOW HITPOINT WARNING * * *
You feel sick.
Your Conjurations skill increases to level 2!
Your Hexes skill increases to level 2!
Your Summonings skill increases to level 2!
Your Necromancy skill increases to level 2!
Your Translocations skill increases to level 2!
Your Transmutations skill increases to level 2!
Your Fire Magic skill increases to level 2!
Your Ice Magic skill increases to level 2!
Your Air Magic skill increases to level 2!
Your Earth Magic skill increases to level 2!
Your Poison Magic skill increases to level 2!
You are too berserk!
* * * LOW HITPOINT WARNING * * *
You feel sick.
Unknown command.
You feel a strong urge to attack something.
You are no longer berserk.
You are exhausted.
You feel yourself slow down.
You die...

#...# ∆ #...#∆ #...+
...### # .....#
#.#.####. #.###
#..$....####..<#.###.
#.....................
#.#.###@########.#####
#†# .# #..............
# ###.####.......
......[ .......
....### ..).# ....#


There were no monsters in sight!

Vanquished Creatures
  A phantom (D:4)
  4 killer bees (D:5)
  A hound (D:4)
  Natasha (thrice) (D:2)
  Robin (D:3)
  6 gnolls
  5 adders
  An ufetubus (D:4)
  2 worms (D:3)
  3 dart slugs
  3 orcs
  8 bats
  6 endoplasms
  3 giant cockroaches
  17 goblins
  5 hobgoblins
  4 jackals (D:1)
  8 kobolds
  5 quokkas
  5 ball pythons
  2 frilled lizards (D:3)
  A jackal skeleton (D:4)
  A quokka skeleton (D:4)
  9 rats
104 creatures vanquished.

Vanquished Creatures (others)
  A fungus (D:2)
  A plant (D:2)
2 creatures vanquished.

Grand Total: 106 creatures vanquished

Notes
Turn   | Place    | Note
-------+----------+-------------------------------------------
     0 | Abyss:1  | Gargoyl the Gnoll Abyssal Knight began the quest for the
                  | Orb.
     0 | Abyss:1  | Reached XP level 1. HP: 23/23 MP: 3/3
    23 | Abyss:2  | Noticed a raiju
    28 | Abyss:2  | Noticed a raiju
    28 | Abyss:2  | Noticed a raiju
    29 | D:1      | Escaped the Abyss
   310 | D:1      | Reached XP level 2. HP: 23/29 MP: 5/5
   717 | D:1      | Reached * piety under Lugonu
   911 | D:1      | Reached XP level 3. HP: 35/35 MP: 6/6
  1608 | D:2      | Noticed Natasha
  1617 | D:2      | Killed Natasha
  1618 | D:2      | Reached skill level 1 in Short Blades
  1618 | D:2      | Reached skill level 1 in Long Blades
  1618 | D:2      | Reached skill level 1 in Maces & Flails
  1618 | D:2      | Reached skill level 1 in Polearms
  1618 | D:2      | Reached skill level 1 in Staves
  1618 | D:2      | Reached skill level 1 in Slings
  1618 | D:2      | Reached skill level 1 in Bows
  1618 | D:2      | Reached skill level 1 in Crossbows
  1618 | D:2      | Reached skill level 1 in Throwing
  1618 | D:2      | Reached skill level 1 in Stealth
  1618 | D:2      | Reached skill level 1 in Shields
  1618 | D:2      | Reached skill level 1 in Unarmed Combat
  1618 | D:2      | Reached skill level 1 in Spellcasting
  1618 | D:2      | Reached skill level 1 in Evocations
  1618 | D:2      | Reached XP level 4. HP: 33/41 MP: 7/7
  1725 | D:2      | Noticed Natasha
  1737 | D:2      | Killed Natasha
  1738 | D:2      | Reached skill level 1 in Conjurations
  1738 | D:2      | Reached skill level 1 in Hexes
  1738 | D:2      | Reached skill level 1 in Summonings
  1738 | D:2      | Reached skill level 1 in Necromancy
  1738 | D:2      | Reached skill level 1 in Translocations
  1738 | D:2      | Reached skill level 1 in Transmutations
  1738 | D:2      | Reached skill level 1 in Fire Magic
  1738 | D:2      | Reached skill level 1 in Ice Magic
  1738 | D:2      | Reached skill level 1 in Air Magic
  1738 | D:2      | Reached skill level 1 in Earth Magic
  1738 | D:2      | Reached skill level 1 in Poison Magic
  2031 | D:2      | Found a faded altar of an unknown god.
  2085 | D:2      | Reached XP level 5. HP: 47/47 MP: 8/8
  2110 | D:2      | Reached ** piety under Lugonu
  2198 | D:2      | Noticed Natasha
  2203 | D:2      | Killed Natasha
  2951 | D:3      | Noticed Robin
  2992 | D:3      | Killed Robin
  3007 | D:3      | Reached skill level 5 in Invocations
  3015 | D:3      | Reached XP level 6. HP: 19/53 MP: 9/9
  3406 | D:3      | Found a faded altar of an unknown god.
  3426 | D:3      | Found a sparkling altar of Nemelex Xobeh.
  3821 | D:2      | Gained mutation: Your body sometimes deteriorates upon
                  | taking damage. [potion of mutation]
  3932 | D:4      | Reached skill level 5 in Axes
  3932 | D:4      | Reached skill level 5 in Armour
  4134 | D:4      | Lost mutation: Your body sometimes deteriorates upon taking
                  | damage. [potion of mutation]
  4134 | D:4      | Gained mutation: You are strong-willed. (Will+) [potion of
                  | mutation]
  4134 | D:4      | Gained mutation: You have hidden genetic potential. [potion
                  | of mutation]
  4134 | D:4      | Gained mutation: Your flesh is cold resistant. (rC+)
                  | [potion of mutation]
  4134 | D:4      | Gained mutation: You have large cloven feet. [potion of
                  | mutation]
  4698 | D:4      | Found a staircase to the Ecumenical Temple.
  4909 | D:5      | Entered Level 5 of the Dungeon
  4934 | D:5      | Reached XP level 7. HP: 27/59 MP: 10/10
  4936 | D:5      | Reached skill level 7 in Fighting
  4942 | D:5      | HP: 3/90 [poisoned by a killer bee]
  4944 | D:5      | Succumbed to a killer bee's poison

Illustrated notes

Levels and vault maps discovered:
D:1:      tarquinn_simple_flora_water_b, layout_basic, serial_forest,
          infiniplex_forest_straight_2, infiniplex_forest_end_2,
          infiniplex_forest_lined_room_2, infiniplex_forest_side_room,
          infiniplex_forest_join, infiniplex_forest_zigzag_2,
          infiniplex_forest_clump_C, minivault_5, moated_statue
D:2:      layout_basic, dreamdust_ecumenical_altar_hidden_monk_grotto,
          glass_columns_a, uniq_natasha
D:3:      layout_basic, nicolae_overflow_ecumenical_swirl, serial_corexii_hall,
          chequers_hall_statues_y, corexii_hall_statues_x,
          chequers_hall_statues_y, uniq_robin
D:4:      minmay_general_purpose_star, layout_basic, enter_ossuary_2,
          hex_intersection, chequers_serial_rivers_micro_d
D:5:      layout_basic, mainiacjoe_overflow_surrounded_room,
          gammafunk_ghost_split, kennysheep_pointless_box, uniq_ijyb

Skill      XL: |  1  2  3  4  5  6  7 |
---------------+----------------------+-----
Short Blades   | 1 2 |  2.4
Long Blades    | 1 2 |  2.4
Maces & Flails | 1 2 |  2.4
Polearms       | 1 2 |  2.4
Staves         | 1 2 |  2.4
Slings         | 1 2 |  2.4
Bows           | 1 2 |  2.4
Crossbows      | 1 2 |  2.4
Throwing       | 1 2 |  2.4
Stealth        | 1 2 |  2.4
Shields        | 1 2 |  2.4
Unarmed Combat | 1 2 |  2.4
Spellcasting   | 1 2 |  2.4
Evocations     | 1 2 |  2.4
Conjurations   | 1 2 |  2.0
Hexes          | 1 2 |  2.0
Summonings     | 1 2 |  2.0
Necromancy     | 1 2 |  2.0
Translocations | 1 2 |  2.0
Transmutations | 1 2 |  2.0
Fire Magic     | 1 2 |  2.0
Ice Magic      | 1 2 |  2.0
Air Magic      | 1 2 |  2.0
Earth Magic    | 1 2 |  2.0
Poison Magic   | 1 2 |  2.0
Dodging        | 3 |  3.6
Invocations    | 5 |  5.3
Axes           | 5 |  5.2
Armour         | 5 |  5.2
Fighting       | 7 |  7.0

Action                   |  1- 3 |  4- 6 |  7- 9 || total
-------------------------+-------+-------+-------++-------
Melee: Hand axe          |    70 |   205 |     9 ||   284
       Bite              |     3 |    17 |       ||    20
       Punch             |       |     3 |       ||     3
       Kick              |       |     9 |     2 ||    11
Invok: Depart the Abyss  |     1 |       |       ||     1
  Use: Scroll            |     1 |    12 |       ||    13
       Potion            |       |     3 |       ||     3
Armor: Plate armour      |    76 |   153 |     3 ||   232
Dodge: Dodged            |    19 |    51 |     2 ||    72
Block: Other             |       |    36 |     1 ||    37

Table legend: (Time is in decaauts)
 A = Elapsed time spent in this place.
 B = Non-inter-level travel time spent in this place.
 C = Inter-level travel time spent in this place.
 D = Time resting spent in this place.
 E = Time spent auto-exploring this place.
 F = Levels seen in this place.
 G = Mean time per level.
                   A        B        C        D        E       F      G
               +--------+--------+--------+--------+--------+-----+--------+
         Total |   4960 |   4565 |    395 |      0 |   3726 |   7 |  708.6 |
       Dungeon |   4929 |   4534 |    395 |      0 |   3726 |   5 |  985.8 |
         Abyss |     31 |     31 |      0 |      0 |      0 |   2 |   15.5 |
               +--------+--------+--------+--------+--------+-----+--------+

Top non-repeatable levels by time:
     D:1: 1596 daAuts
     D:3: 1180 daAuts
     D:2: 1096 daAuts
     D:4: 1025 daAuts
     D:5: 30 daAuts
 Abyss:2: 25 daAuts
 Abyss:1: 5 daAuts
